Map: Newkirk Precinct TE (Void)

Players

uThermal - Winner!

  • Race: Terran Terran
  • Spawn Location: 7:00

ShoWTimE

  • Race: Protoss Protoss
  • Spawn Location: 5:00

Event: IEM XI Katowice - World Championship 2017

VOD

https://www.youtube.com/watch?v=XBovEiXggm4&t=25s

Description

Time

  • Played on: March 3, 2017, 3:09 p.m.
  • Length: 13:54

All games in this series

Show
View Real Time Build Order
Export as new Build Order

uThermal Terran - Winner!

Build Orders: Reaper Expand, MMM Bio 

Get SALT Encoding   

  12  0:01  SCV  
  13  0:13  SCV  
  14  0:18  Supply Depot  
  14  0:25  SCV  
  15  0:28  Refinery  
  15  0:39  SCV  
  16  0:45  Barracks  
  16  0:51  SCV  
  17  1:04  SCV  
  18  1:16  SCV  
  19  1:32  Reaper, Orbital Command  
  20  1:45  Command Center  
  20  1:57  Factory  
  20  1:59  SCV  
  21  2:05  Barracks Reactor  
  21  2:12  SCV  
  22  2:15  Supply Depot  
  22  2:18  Refinery  
  22  2:24  SCV  
  23  2:37  SCV  
  23  2:42  Marine, Starport  
  23  2:43  Marine  
  26  2:46  Widow Mine  
  26  2:49  SCV  
  29  2:59  Orbital Command  
  29  3:01  SCV  
  29  3:03  Marine x2  
  32  3:13  SCV  
  33  3:21  Widow Mine  
  33  3:22  Viking  
  33  3:25  SCV x2  
  38  3:29  Marine  
  38  3:32  Marine  
  40  3:37  SCV x2  
  40  3:39  Supply Depot  
  42  3:47  Marine  
  43  3:49  Marine  
  43  3:50  SCV x2  
  43  3:52  Barracks  
  43  3:54  Factory Tech Lab  
  46  4:02  SCV x2  
  48  4:05  Marine  
  48  4:06  Supply Depot  
  48  4:07  Marine  
  50  4:14  SCV x2  
  52  4:17  Medivac  
  52  4:23  Supply Depot  
  54  4:27  Marine x2, SCV x2  
  61  4:35  Barracks  
  61  4:39  SCV  
  61  4:44  Barracks Tech Lab  
  61  4:45  Marine x2, SCV, Supply Depot  
  65  4:52  SCV  
  63  4:57  SCV  
  63  4:59  Factory Reactor  
  64  5:04  Marine x2, SCV  
  64  5:05  Marine, Stimpack  
  68  5:09  SCV  
  65  5:15  Engineering Bay  
  65  5:16  Starport Reactor, SCV  
  65  5:21  SCV  
  65  5:22  Marine  
  65  5:24  Supply Depot, Marine x2  
  65  5:28  SCV  
  69  5:33  Marine, SCV  
  70  5:36  Widow Mine x2  
  70  5:37  Combat Shields  
  70  5:39  Marine  
  70  5:40  SCV  
  70  5:41  Supply Depot  
  70  5:42  Marine  
  77  5:43  Marine  
  77  5:45  SCV  
  77  5:51  Marine  
  77  5:52  SCV  
  77  5:53  Terran Infantry Weapons Level 1, Medivac x2  
  77  5:56  Supply Depot  
  83  5:57  Marine  
  84  6:04  Refinery x2  
  84  6:05  Widow Mine x2  
  84  6:09  Marine  
  89  6:11  Marine x2  
  89  6:13  Command Center  
  89  6:16  Marine, Supply Depot  
  92  6:21  Supply Depot  
  90  6:26  Marine  
  90  6:28  Medivac x2  
  90  6:29  Marine x2  
  95  6:33  Marine, Widow Mine x2  
  95  6:38  Supply Depot, SCV  
  101  6:43  SCV  
  101  6:44  Marine  
  103  6:47  Marine  
  103  6:50  Supply Depot, SCV, Marine  
  106  6:55  SCV  
  106  6:58  Marine  
  108  7:02  Widow Mine x2, SCV  
  108  7:03  Marine  
  108  7:05  Marine  
  108  7:07  SCV  
  116  7:13  Marine  
  116  7:14  SCV  
  118  7:19  SCV  
  113  7:26  SCV  
  113  7:29  Marine  
  98  7:30  Marine x2  
  98  7:31  SCV  
  98  7:34  Marine  
  98  7:35  Widow Mine  
  103  7:41  Medivac x2  
  103  7:42  Barracks  
  103  7:44  Barracks  
  105  7:47  Marine x2  
  105  7:48  Marine  
  104  7:52  Marine  
  104  7:53  Widow Mine  
  104  7:54  SCV  
  104  7:56  Liberator x2  
  104  7:58  Orbital Command  
  108  7:59  SCV  
  108  8:04  Widow Mine  
  108  8:05  Marine x2  
  111  8:06  Marine  
  111  8:10  Marine  
  119  8:15  Terran Infantry Armor Level 1  
  121  8:23  Marine x2  
  121  8:24  Marine  
  121  8:25  SCV  
  121  8:26  SCV  
  121  8:27  SCV  
  125  8:28  Marine  
  120  8:37  SCV  
  120  8:38  SCV, Barracks Tech Lab  
  120  8:39  Marine  
  120  8:41  Marine, Widow Mine  
  115  8:42  Widow Mine  
  115  8:44  Marine  
  115  8:47  Marine  
  110  8:49  SCV  
  110  8:50  SCV  
  110  8:52  Marine  
  111  8:56  Medivac x2  
  111  8:57  Marine  
  111  8:59  Marine  
  111  9:02  Marine  
  114  9:07  Marine  
  114  9:08  Marine  
  107  9:10  Widow Mine  
  107  9:14  Marine  
  99  9:17  Marine  
  99  9:22  Marine  
  99  9:39  Marine x3  
  103  9:47  Liberator  
  103  9:52  Orbital Command  
  103  9:56  Liberator  
  104  10:00  Marine  
  104  10:02  Marine  
  98  10:20  Marine  
  93  10:35  Liberator  
  91  10:38  Marine  
  91  10:39  Marine, Marauder  
  91  10:41  Marine  
  91  10:42  Liberator, Marine  
  85  10:43  Marine  
  85  10:53  Widow Mine  
  85  10:54  Widow Mine  
  94  11:07  Marine x2  
  93  11:14  Marine x2  
  93  11:15  Marauder  
  93  11:16  Marine  
  93  11:17  Liberator  
  98  11:21  Widow Mine  
  98  11:25  Marine  
  101  11:31  Marine  
  101  11:32  Marine  
  101  11:33  Marauder  
  101  11:35  Marauder  
  101  11:36  Marine  
  105  11:44  Marine  
  105  11:46  Widow Mine  
  93  11:49  Marine  
  93  11:53  Marine  
  84  11:54  Marauder  
  84  11:58  Marine  
  82  12:16  Medivac  
  84  12:23  Marine  
  84  12:27  Orbital Command  
  84  12:29  Marine  
  86  12:34  Marine x2  
  88  12:41  Marine  
  88  12:42  Marauder  
  88  12:43  Marine  
  86  12:51  Marine  
  81  12:52  Marauder  
  81  12:53  Widow Mine  
  81  12:57  Marine  
  83  13:04  Marine  
  83  13:05  Marauder  
  85  13:09  Widow Mine  
  63  13:20  Marine, Marauder  
  63  13:21  Marine  
  63  13:23  Marine  
  63  13:24  Widow Mine  
  70  13:39  SCV x2  
Show
View Real Time Build Order
Export as new Build Order

ShoWTimE Protoss 

Build Orders: 1 Gate Expand, Phoenix Opening 

Get SALT Encoding   

  12  0:00  Probe (Chrono Boost)  
  13  0:11  Probe (Chrono Boost)  
  14  0:18  Pylon  
  14  0:22  Probe (Chrono Boost)  
  15  0:36  Probe (Chrono Boost)  
  15  0:37  Gateway  
  16  0:43  Assimilator  
  16  0:47  Probe (Chrono Boost)  
  17  0:57  Probe (Chrono Boost)  
  18  1:08  Probe (Chrono Boost)  
  19  1:21  Nexus  
  19  1:25  Probe (Chrono Boost)  
  20  1:34  Cybernetics Core  
  20  1:37  Probe (Chrono Boost)  
  21  1:43  Assimilator  
  21  1:48  Probe (Chrono Boost)  
  21  1:53  Pylon  
  22  1:59  Probe (Chrono Boost)  
  23  2:07  Adept  
  23  2:13  Probe (Chrono Boost)  
  26  2:21  Stargate  
  26  2:25  Probe (Chrono Boost)  
  26  2:29  Warp Gate  
  27  2:31  Adept  
  27  2:33  Probe (Chrono Boost)  
  31  2:37  Probe (Chrono Boost)  
  31  2:43  Probe (Chrono Boost)  
  32  2:49  Probe (Chrono Boost)  
  33  2:54  Probe (Chrono Boost)  
  34  2:58  Adept  
  34  3:00  Probe (Chrono Boost)  
  34  3:02  Phoenix  
  34  3:04  Probe (Chrono Boost)  
  38  3:12  Pylon, Probe (Chrono Boost)  
  41  3:15  Probe (Chrono Boost)  
  42  3:24  Probe (Chrono Boost)  
  42  3:25  Phoenix, Probe (Chrono Boost)  
  46  3:36  Probe (Chrono Boost), Gateway  
  46  3:37  Probe (Chrono Boost)  
  46  3:40  Gateway  
  48  3:44  Pylon  
  48  3:46  Probe (Chrono Boost)  
  50  3:49  Probe (Chrono Boost)  
  50  3:50  Phoenix  
  52  4:06  Probe (Chrono Boost)  
  52  4:07  Probe (Chrono Boost)  
  54  4:11  Nexus  
  54  4:15  Phoenix  
  54  4:18  Pylon  
  54  4:21  Probe (Chrono Boost)  
  54  4:24  Mothership Core (Chrono Boost)  
  59  4:27  Assimilator  
  59  4:30  Assimilator  
  59  4:34  Probe (Chrono Boost)  
  60  4:39  Robotics Facility  
  60  4:42  Probe (Chrono Boost)  
  62  4:46  Probe (Chrono Boost)  
  62  4:47  Phoenix  
  62  4:52  Probe (Chrono Boost)  
  65  4:58  Probe (Chrono Boost)  
  66  5:00  Twilight Council  
  66  5:01  Forge  
  66  5:03  Probe (Chrono Boost)  
  67  5:10  Probe (Chrono Boost)  
  67  5:13  Probe (Chrono Boost)  
  69  5:21  Protoss Ground Weapons Level 1, Phoenix  
  70  5:22  Probe (Chrono Boost)  
  70  5:23  Resonating Glaives, Pylon  
  70  5:24  Probe (Chrono Boost)  
  70  5:27  Adept x2, Probe (Chrono Boost)  
  78  5:34  Probe (Chrono Boost)  
  76  5:36  Probe (Chrono Boost)  
  76  5:43  Probe (Chrono Boost)  
  76  5:45  Observer  
  76  5:46  Probe (Chrono Boost)  
  76  5:49  Probe (Chrono Boost)  
  78  5:53  Probe (Chrono Boost)  
  80  5:58  Probe (Chrono Boost)  
  80  6:01  Pylon, Probe (Chrono Boost)  
  81  6:05  Gateway x2  
  81  6:09  Observer, Gateway  
  82  6:17  Gateway  
  82  6:19  Gateway  
  82  6:21  Pylon  
  82  6:23  Phoenix  
  84  6:27  Adept x2  
  84  6:30  Probe x2 (Chrono Boost)  
  84  6:31  Probe (Chrono Boost)  
  91  6:33  Pylon  
  91  6:43  Pylon, Warp Prism  
  93  6:49  Adept x3  
  99  7:02  Pylon, Adept  
  99  7:03  Adept  
  99  7:04  Phoenix  
  105  7:10  Adept  
  105  7:11  Adept x4  
  115  7:20  Observer  
  113  7:29  Phoenix  
  109  7:30  Adept x3  
  109  7:31  Adept x2  
  109  7:36  Adept x2  
  123  7:41  Observer  
  120  7:54  Phoenix, Adept x2  
  124  8:01  Protoss Ground Armor Level 1  
  124  8:03  Pylon  
  124  8:07  Pylon  
  124  8:23  Adept x2  
  124  8:24  Adept x2  
  132  8:29  Adept x2  
  126  8:46  Adept  
  126  8:47  Adept x2  
  132  9:00  Pylon  
  132  9:01  Pylon  
  132  9:03  Pylon  
  126  9:12  Pylon  
  126  9:14  Pylon  
  126  9:18  Pylon  
  124  9:25  Pylon  
  122  9:36  Blink  
  121  9:45  Adept x2  
  125  9:55  Pylon  
  125  9:59  Pylon, Gateway  
  125  10:03  Gateway  
  125  10:04  Protoss Ground Weapons Level 2  
  125  10:05  Gateway  
  125  10:17  Nexus  
  125  10:18  Stalker x2  
  125  10:19  Stalker x6  
  125  10:20  Pylon  
  118  10:43  Adept x2, Stalker x2  
  118  10:44  Stalker x4  
  133  11:00  Observer  
  134  11:08  Stalker x5  
  140  11:27  Observer  
  140  11:29  Adept x2  
  122  11:47  Pylon  
  122  11:49  Observer  
  122  11:50  Adept x3  
  99  12:07  Stalker x2  
  101  12:31  Sentry x2  
  101  12:32  Stalker x2  
  107  12:41  Phoenix  
  107  12:43  Stalker  
  109  12:51  Adept x2  
  105  13:01  Stalker  
  55  13:23  Stalker x3  
  59  13:33  Stalker  

Tags
 
Add a new tag
Caveats
  • Supply blocks, unpowered buildings, or Contaminate may cause inaccurate times.
  • Supply counts are checked every 10 seconds.